 Dungeon Crawl Stone Soup version 0.28-a0-1613-gdaab1c2f9b (webtiles) character file.

Game seed: 10699733537913286946

11799 YayAnonymity the Cleaver (level 11, -2/89 HPs)
             Began as a Gnoll Berserker on Jan 22, 2022.
             Was an Elder of Trog.
             Slain by a centaur warrior (3 damage)
             ... on level 10 of the Dungeon.
             The game lasted 00:25:01 (12896 turns).

YayAnonymity the Cleaver (Gnoll Berserker)         Turns: 12896, Time: 00:25:01

Health: -2/89      AC: 13    Str: 22    XL:     11   Next: 83%
Magic:  21/21      EV: 18    Int:  6    God:    Trog [****..]
Gold:   619        SH:  0    Dex: 11    Spells: 23/23 levels left

rFire   + . .      SeeInvis .   a - +4 scimitar (elec)
rCold   . . .      Faith    .   (no shield)
rNeg    . . .      Spirit   .   u - +0 acid dragon scales
rPois   .          Reflect  .   h - +0 helmet
rElec   .          Harm     .   w - +0 cloak
rCorr   +          Rampage  .   J - +1 pair of gloves {infuse}
Will    .....                   (no boots)
Stlth   +++.......              H - amulet of magic regeneration
HPRegen 0.24/turn               x - +4 ring of evasion
MPRegen 0.57/turn               B - ring of protection from fire

@: on berserk cooldown, slowed, very slow
A: fangs 1, strong nose, distributed training
a: Renounce Religion, Berserk, Trog's Hand, Brothers in Arms


You were on level 10 of the Dungeon.
You worshipped Trog.
Trog was greatly pleased with you.
You visited 2 branches of the dungeon, and saw 11 of its levels.

You collected 619 gold pieces.

Inventory:

Hand Weapons
 a - a +4 scimitar of electrocution (weapon)
 b - a +0 vorpal war axe
 f - a +5 great sword
 n - a +2 hand axe of holy wrath
 C - a +2 hunting sling of freezing
Missiles
 l - 3 atropa-tipped darts
 m - 7 boomerangs of dispersal (quivered)
 r - 2 throwing nets
 D - 16 sling bullets
Armour
 h - a +0 helmet (worn)
 u - +0 acid dragon scales (worn)
 w - a +0 cloak (worn)
 J - a +1 pair of gloves of infusion (worn)
Jewellery
 c - a ring of protection from cold
 x - a +4 ring of evasion (left hand)
 B - a ring of protection from fire (right hand)
 G - a ring of fire
 H - an amulet of magic regeneration (around neck)
Wands
 e - a wand of digging (6)
 v - a wand of iceblast (6)
Scrolls
 g - a scroll of teleportation
 k - 3 scrolls of blinking
 p - 2 scrolls of vulnerability {unknown}
 s - a scroll of enchant armour {unknown}
 t - a scroll of silence {unknown}
 y - 2 scrolls of fog {unknown}
 E - a scroll of noise {unknown}
 I - a scroll of fear
Potions
 d - 4 potions of mutation
 i - 2 potions of might
 j - 3 potions of lignification
 o - 2 potions of brilliance
 q - 2 potions of curing
 z - a potion of attraction
 A - 2 potions of haste
 F - a potion of magic {unknown}


   Skills:
 + Level 9.4 Fighting
 + Level 6.6 Short Blades
 + Level 6.6 Long Blades
 + Level 9.4 Axes
 + Level 6.6 Maces & Flails
 + Level 6.6 Polearms
 + Level 6.6 Staves
 + Level 6.6 Slings
 + Level 6.6 Bows
 + Level 6.6 Crossbows
 + Level 6.6 Throwing
 + Level 8.2 Armour
 + Level 8.2 Dodging
 + Level 6.6 Stealth
 + Level 6.6 Shields
 + Level 6.6 Unarmed Combat
 + Level 6.6 Spellcasting
 + Level 5.5 Conjurations
 + Level 5.5 Hexes
 + Level 5.5 Summonings
 + Level 5.5 Necromancy
 + Level 5.5 Translocations
 + Level 5.5 Transmutations
 + Level 5.5 Fire Magic
 + Level 5.5 Ice Magic
 + Level 5.5 Air Magic
 + Level 5.5 Earth Magic
 + Level 5.5 Poison Magic
 + Level 7.3 Invocations
 + Level 6.6 Evocations


You had 23 spell levels left.
You didn't know any spells.
Your spell library was empty.

Dungeon Overview and Level Annotations

Branches:
Dungeon (10/15)            Temple (1/1) D:7
   Lair: D:8-11         Orc: D:9-12

Altars:
Ashenzari
Cheibriados
Dithmenos
Elyvilon
Fedhas
Gozag
Hepliaklqana
Kikubaaqudgha
Makhleb
Nemelex Xobeh
Okawaru
Qazlal
Ru
Sif Muna
Trog
Uskayaw
Vehumet
Wu Jian
Xom
Yredelemnul
Zin
The Shining One

Shops:
D:2 [   D:5 *

Annotations:
D:7 2 transporters, tatocazan's ghost, novice DsHu


Innate Abilities, Weirdness & Mutations

You have very sharp teeth.
Your uncanny sense of smell can sniff out nearby items.
Your experience applies equally to all skills.


Message History

You slice the catoblepas!!
The catoblepas is severely wounded.
You are engulfed in calcifying dust.
The catoblepas gores you!
You slice the catoblepas!!
Lightning courses through the catoblepas!!
You feel the power of Trog in you as your rage grows.
You kill the catoblepas!
Trog accepts your kill.
You are engulfed in calcifying dust.
Your limbs have turned to stone.
You have turned to stone.
You are engulfed in calcifying dust.
The centaur warrior wields a +0 longbow.
The centaur warrior shoots an arrow.
The arrow hits you.
The centaur warrior hits you but does no damage.
The centaur warrior kicks you but does no damage.
The centaur warrior shoots an arrow.
The arrow hits you!
The centaur warrior hits you with a +2 vorpal scimitar!
* * * LOW HITPOINT WARNING * * *
x2 The centaur warrior kicks you but does no damage.
The centaur warrior shoots an arrow.
The arrow hits you!
* * * LOW HITPOINT WARNING * * *
The centaur warrior hits you with a +2 vorpal scimitar!
* * * LOW HITPOINT WARNING * * *
x2 The centaur warrior kicks you but does no damage.
The centaur warrior shoots an arrow.
The arrow hits you but does no damage.
The centaur warrior hits you with a +2 vorpal scimitar!
* * * LOW HITPOINT WARNING * * *
x2 The centaur warrior kicks you.
* * * LOW HITPOINT WARNING * * *
You turn to flesh and can move again.
You are too berserk!
You are no longer berserk.
You are exhausted.
You feel yourself slow down.
You barely miss the centaur warrior.
The centaur warrior hits you with a +2 vorpal scimitar!
* * * LOW HITPOINT WARNING * * *
x2 The centaur warrior misses you.
The centaur warrior hits you with a +2 vorpal scimitar.
You die...

.###..#..#..#..#.....#..#.......#
###..#########..##.##..##.......#
.#..## ##..#.#..##..#####.. #..##
##.....##.......#.. .###
###.###........+.. ..## ∆ ∆
#....##.#......##. #..#
#...#.#.#..####.._ ##.# .C
#.###.#.####....#. #..# cu
#@#...#....#...... ..## ∆#. ∆
##cc..#....#.....# .## ##O
###†###....#.....# #.## (.
##)§...##..##.....# .#.### #c
##..#....##....##### .#.#.##
#.####..##.##..##...#.... .#.#..#
#.Y.#..))#.#....#...#.... .#.#..#
#..§#c##...#.##.#...#....
.#.#)##...#...##......#.#.###....


You could see 2 centaur warriors.

Vanquished Creatures
  A catoblepas (D:10)
  A centaur warrior (D:10)
  3 two-headed ogres (D:10)
  Joseph (D:8)
  Maggie (D:7)
  A troll (D:10)
  2 hornets
  A slime creature (D:10)
  3 wyverns (D:10)
  13 yaks
  A basilisk (D:10)
  Eustachio (D:6)
  A wraith (D:10)
  Menkaure (D:7)
  2 steam dragons
  The ghost of psuckher the Cutter, an amateur BaWn of Vehumet (D:3)
  4 acid dragons
  2 water moccasins
  3 orc warriors
  A black bear (D:6)
  A necrophage (D:7)
  An ogre (D:5)
  6 centaurs
  Blork the orc (D:5)
  2 kobold brigands
  2 bullfrogs
  A gnoll sergeant (D:10)
  3 scorpions (D:5)
  A killer bee (D:10)
  10 wights
  4 howler monkeys
  4 hounds
  4 centaur zombies
  A jelly (D:7)
  A centaur skeleton (D:7)
  7 orc priests
  2 bullfrog skeletons
  A gnoll shaman (D:6)
  An iguana (D:5)
  9 orc wizards
  2 howler monkey zombies (D:9)
  8 gnolls
  5 adders
  A white imp (D:7)
  An ufetubus (D:4)
  2 adder skeletons
  4 dart slugs
  26 orcs
  4 bats
  8 endoplasms
  3 giant cockroaches
  12 goblins
  8 hobgoblins
  2 jackals (D:1)
  7 quokkas
  8 ball pythons
  4 frilled lizards
  12 kobolds
  5 rats
228 creatures vanquished.

Vanquished Creatures (others)
  21 plants (D:4)
21 creatures vanquished.

Grand Total: 249 creatures vanquished

Notes
Turn   | Place    | Note
-------+----------+-------------------------------------------
     0 | D:1      | YayAnonymity the Gnoll Berserker began the quest for the
                  | Orb.
     0 | D:1      | Reached XP level 1. HP: 23/23 MP: 1/1
   117 | D:1      | Reached XP level 2. HP: 29/29 MP: 2/2
   291 | D:1      | Found a faded altar of an unknown god.
   302 | D:1      | Reached XP level 3. HP: 35/35 MP: 3/3
   608 | D:1      | Reached ** piety under Trog
   870 | D:2      | Found Mieheak's Armour Shop.
   976 | D:2      | Reached skill level 1 in Invocations
  1373 | D:2      | You fall into a shaft and drop 1 floor!
  1407 | D:3      | Reached skill level 1 in Short Blades
  1407 | D:3      | Reached skill level 1 in Long Blades
  1407 | D:3      | Reached skill level 1 in Maces & Flails
  1407 | D:3      | Reached skill level 1 in Polearms
  1407 | D:3      | Reached skill level 1 in Staves
  1407 | D:3      | Reached skill level 1 in Slings
  1407 | D:3      | Reached skill level 1 in Bows
  1407 | D:3      | Reached skill level 1 in Crossbows
  1407 | D:3      | Reached skill level 1 in Throwing
  1407 | D:3      | Reached skill level 1 in Stealth
  1407 | D:3      | Reached skill level 1 in Shields
  1407 | D:3      | Reached skill level 1 in Unarmed Combat
  1407 | D:3      | Reached skill level 1 in Spellcasting
  1407 | D:3      | Reached skill level 1 in Evocations
  1407 | D:3      | Reached XP level 4. HP: 34/41 MP: 5/5
  1549 | D:3      | Found a large runed translucent door.
  1550 | D:3      | Found a large runed translucent door.
  1553 | D:3      | Noticed psuckher's ghost (amateur BaWn)
  1775 | D:3      | Found a sacrificial altar of Ru.
  2406 | D:2      | Reached skill level 1 in Conjurations
  2406 | D:2      | Reached skill level 1 in Hexes
  2406 | D:2      | Reached skill level 1 in Summonings
  2406 | D:2      | Reached skill level 1 in Necromancy
  2406 | D:2      | Reached skill level 1 in Translocations
  2406 | D:2      | Reached skill level 1 in Transmutations
  2406 | D:2      | Reached skill level 1 in Fire Magic
  2406 | D:2      | Reached skill level 1 in Ice Magic
  2406 | D:2      | Reached skill level 1 in Air Magic
  2406 | D:2      | Reached skill level 1 in Earth Magic
  2406 | D:2      | Reached skill level 1 in Poison Magic
  3047 | D:3      | Reached XP level 5. HP: 34/47 MP: 5/7
  3182 | D:4      | Found a radiant altar of Vehumet.
  3183 | D:4      | Found an ancient bone altar of Kikubaaqudgha.
  3183 | D:4      | Found a bloodstained altar of Trog.
  3491 | D:4      | Reached XP level 6. HP: 33/53 MP: 8/8
  3796 | D:4      | Reached *** piety under Trog
  3840 | D:4      | Reached skill level 5 in Armour
  3840 | D:4      | Reached skill level 5 in Dodging
  4209 | D:5      | Entered Level 5 of the Dungeon
  4405 | D:5      | Reached XP level 7. HP: 45/59 MP: 10/10
  4773 | D:5      | Found Qaq Webi's CLEARANCE SALE!.
  4824 | D:5      | Noticed Blork the orc
  4830 | D:5      | Killed Blork the orc
  5122 | D:5      | Reached XP level 8. HP: 51/67 MP: 12/12
  5966 | D:6      | Noticed a yak
  5996 | D:6      | Killed a yak
  6130 | D:6      | Noticed Eustachio
  6139 | D:6      | Killed Eustachio
  6869 | D:7      | Reached XP level 9. HP: 65/73 MP: 14/14
  6910 | D:7      | Found a staircase to the Ecumenical Temple.
  6918 | Temple   | Entered the Ecumenical Temple
  7007 | D:7      | Noticed Menkaure
  7016 | D:7      | Killed Menkaure
  7410 | D:7      | Noticed Maggie
  7617 | D:7      | Found a transporter.
  7640 | D:7      | Found a transporter.
  7640 | D:7      | Noticed tatocazan's ghost (novice DsHu)
  7860 | D:7      | Killed Maggie
  8141 | D:3      | Killed psuckher's ghost
  8334 | D:8      | Noticed Joseph
  8436 | D:7      | Reached skill level 5 in Invocations
  8731 | D:8      | Noticed a two-headed ogre
  8977 | D:8      | Reached XP level 10. HP: 58/80 MP: 17/17
  9074 | D:8      | Killed Joseph
  9075 | D:8      | Reached skill level 5 in Short Blades
  9075 | D:8      | Reached skill level 5 in Long Blades
  9075 | D:8      | Reached skill level 5 in Maces & Flails
  9075 | D:8      | Reached skill level 5 in Polearms
  9075 | D:8      | Reached skill level 5 in Staves
  9075 | D:8      | Reached skill level 5 in Slings
  9075 | D:8      | Reached skill level 5 in Bows
  9075 | D:8      | Reached skill level 5 in Crossbows
  9075 | D:8      | Reached skill level 5 in Throwing
  9075 | D:8      | Reached skill level 5 in Stealth
  9075 | D:8      | Reached skill level 5 in Shields
  9075 | D:8      | Reached skill level 5 in Unarmed Combat
  9075 | D:8      | Reached skill level 5 in Spellcasting
  9075 | D:8      | Reached skill level 5 in Evocations
  9508 | D:9      | Paralysed by a hornet for 2 turns
  9511 | D:9      | Paralysed by a hornet for 2 turns
 10185 | D:9      | Found an ornate altar of the Wu Jian Council.
 10717 | D:10     | Entered Level 10 of the Dungeon
 10739 | D:10     | Found a broken altar of Ashenzari.
 10793 | D:10     | Noticed a two-headed ogre
 11141 | D:10     | Reached XP level 11. HP: 50/87 MP: 19/19
 11329 | D:10     | Reached **** piety under Trog
 11404 | D:10     | Paralysed by a hornet for 2 turns
 11428 | D:10     | Noticed a two-headed ogre
 11548 | D:10     | Noticed a two-headed ogre
 11655 | D:9      | Reached skill level 5 in Conjurations
 11655 | D:9      | Reached skill level 5 in Hexes
 11655 | D:9      | Reached skill level 5 in Summonings
 11655 | D:9      | Reached skill level 5 in Necromancy
 11655 | D:9      | Reached skill level 5 in Translocations
 11655 | D:9      | Reached skill level 5 in Transmutations
 11655 | D:9      | Reached skill level 5 in Fire Magic
 11655 | D:9      | Reached skill level 5 in Ice Magic
 11655 | D:9      | Reached skill level 5 in Air Magic
 11655 | D:9      | Reached skill level 5 in Earth Magic
 11655 | D:9      | Reached skill level 5 in Poison Magic
 11848 | D:10     | Noticed a two-headed ogre
 11955 | D:10     | Killed a two-headed ogre
 12029 | D:10     | Noticed a two-headed ogre
 12033 | D:10     | Killed a two-headed ogre
 12144 | D:10     | Killed a two-headed ogre
 12598 | D:10     | Noticed a centaur warrior
 12618 | D:10     | Killed a centaur warrior
 12862 | D:10     | Noticed a catoblepas
 12863 | D:10     | Noticed a centaur warrior
 12864 | D:10     | Noticed a brown ugly thing
 12864 | D:10     | Noticed a centaur warrior
 12865 | D:10     | Noticed a cyclops
 12884 | D:10     | Killed a catoblepas
 12896 | D:10     | HP: 3/89 [centaur warrior (9)]
 12896 | D:10     | HP: 1/89 [centaur warrior (2)]
 12896 | D:10     | Slain by a centaur warrior

Illustrated notes

Levels and vault maps discovered:
D:1:      elethiomel_arrival_quiet, layout_basic,
          hellmonk_ecumenical_altar_blasted, due_unseen_surprise
D:2:      minmay_spotlight, layout_loops_cross, serial_shops,
          nicolae_shop_window_shopping, serial_park_tiny_1
D:3:      layout_basic, mainiacjoe_overflow_paths, ebering_ghost_disaster_area
D:4:      layout_rooms, minitemple, grunt_decor_one_mirror,
          lexackson_kobold_supper
D:5:      layout_layer_cave, supply_closet_lemuel, nicolae_shop_clearance,
          uniq_blork_the_orc
D:6:      layout_basic, minmay_misc_feat_more_columns,
          minmay_fractal_squares_diagonal_5, uniq_eustachio
D:7:      layout_cave_pools, minmay_temple_entry_junction_2,
          gammafunk_ghost_arena, uniq_menkaure, uniq_maggie
D:8:      layout_rooms, chequers_serial_rivers_room_b, uniq_joseph
D:9:      layout_roguey, nicolae_wu_jian_immortal_techniques
D:10:     minmay_the_grid_octo_tiled_octocenter [minmay_the_grid_octo_toaster,
          minmay_the_grid_octo_fat_diamond, minmay_the_grid_octo_horde,
          minmay_the_grid_octo_tetromino_candy,
          minmay_the_grid_octo_prize_square_snowflake,
          minmay_the_grid_square_5x5_shrine2, minmay_the_grid_square_5x5_fat_x,
          minmay_the_grid_square_5x5_inner_z, minmay_the_grid_square_5x5_inset],
          layout_gridville, ashenzari_altar_1
Temple:   compressed_dpeg_circular_temple

Skill      XL: |  1  2  3  4  5  6  7  8  9 10 11 |
---------------+----------------------------------+-----
Invocations    | 1 2 3 4 5 6 7 |  7.3
Short Blades   | 1 2 3 4 5 6 |  6.6
Long Blades    | 1 2 3 4 5 6 |  6.6
Maces & Flails | 1 2 3 4 5 6 |  6.6
Polearms       | 1 2 3 4 5 6 |  6.6
Staves         | 1 2 3 4 5 6 |  6.6
Slings         | 1 2 3 4 5 6 |  6.6
Bows           | 1 2 3 4 5 6 |  6.6
Crossbows      | 1 2 3 4 5 6 |  6.6
Throwing       | 1 2 3 4 5 6 |  6.6
Stealth        | 1 2 3 4 5 6 |  6.6
Shields        | 1 2 3 4 5 6 |  6.6
Unarmed Combat | 1 2 3 4 5 6 |  6.6
Spellcasting   | 1 2 3 4 5 6 |  6.6
Evocations     | 1 2 3 4 5 6 |  6.6
Conjurations   | 1 2 3 4 5 |  5.5
Hexes          | 1 2 3 4 5 |  5.5
Summonings     | 1 2 3 4 5 |  5.5
Necromancy     | 1 2 3 4 5 |  5.5
Translocations | 1 2 3 4 5 |  5.5
Transmutations | 1 2 3 4 5 |  5.5
Fire Magic     | 1 2 3 4 5 |  5.5
Ice Magic      | 1 2 3 4 5 |  5.5
Air Magic      | 1 2 3 4 5 |  5.5
Earth Magic    | 1 2 3 4 5 |  5.5
Poison Magic   | 1 2 3 4 5 |  5.5
Armour         | 5 6 7 8 |  8.2
Dodging        | 5 6 7 8 |  8.2
Fighting       | 7 8 9 |  9.4
Axes           | 7 8 9 |  9.4

Action                   |  1- 3 |  4- 6 |  7- 9 | 10-12 || total
-------------------------+-------+-------+-------+-------++-------
Melee: Hand axe          |    92 |   102 |       |       ||   194
       Bite              |     8 |    15 |    19 |    30 ||    72
       Punch             |     1 |     3 |     6 |     9 ||    19
       War axe           |       |    87 |    21 |       ||   108
       Scimitar          |       |       |   201 |   210 ||   411
 Fire: Hunting sling     |       |       |       |     8 ||     8
Throw: Dart              |       |       |     2 |     5 ||     7
       Boomerang         |       |       |       |     1 ||     1
Invok: Berserk           |       |     2 |     7 |     9 ||    18
  Use: Scroll            |       |     2 |     7 |     5 ||    14
 Stab: Sleeping          |     3 |     1 |     2 |     3 ||     9
       Distracted        |       |       |     1 |     1 ||     2
       Invisible         |       |       |       |     1 ||     1
Armor: Animal skin       |    17 |       |       |       ||    17
       Ring mail         |       |    53 |    85 |       ||   138
       Steam dragon scal |       |       |    25 |       ||    25
       Acid dragon scale |       |       |    19 |    73 ||    92
Dodge: Dodged            |    59 |   109 |   213 |   200 ||   581

Table legend: (Time is in decaauts)
 A = Elapsed time spent in this place.
 B = Non-inter-level travel time spent in this place.
 C = Inter-level travel time spent in this place.
 D = Time resting spent in this place.
 E = Time spent auto-exploring this place.
 F = Levels seen in this place.
 G = Mean time per level.
                   A        B        C        D        E       F      G
               +--------+--------+--------+--------+--------+-----+--------+
         Total |  13144 |  12172 |    972 |   1908 |   7180 |  11 | 1194.9 |
       Dungeon |  13059 |  12095 |    964 |   1908 |   7118 |  10 | 1305.9 |
        Temple |     84 |     76 |      8 |      0 |     62 |   1 |   84.0 |
               +--------+--------+--------+--------+--------+-----+--------+

Top non-repeatable levels by time:
    D:10: 1965 daAuts
     D:5: 1768 daAuts
     D:9: 1556 daAuts
     D:6: 1285 daAuts
     D:3: 1247 daAuts
     D:7: 1212 daAuts
     D:4: 1182 daAuts
     D:2: 1120 daAuts
     D:1: 866 daAuts
     D:8: 854 daAuts
  Temple: 84 daAuts
